 Dungeon Crawl Stone Soup version 0.23.2-33-g5129a83184 (webtiles) character file.

Game seed: 10296178142644383482

387 deorigin the Slasher (level 7, -1/52 HPs)
             Began as a Formicid Fighter on July 1, 2019.
             Was a Follower of the Shining One.
             Killed from afar by an orc (15 damage)
             ... with a wand of acid (10)
             ... on level 4 of the Dungeon.
             The game lasted 00:06:02 (2908 turns).

deorigin the Slasher (Formicid Fighter)             Turns: 2908, Time: 00:06:02

Health: -1/52      AC:  6    Str: 23    XL:     7   Next: 6%
Magic:  7/7        EV:  8    Int:  7    God:    the Shining One [*.....]
Gold:   136        SH:  9    Dex: 10    Spells: 6/6 levels left

rFire    . . .     SeeInvis +   a - +0 long sword
rCold    . . .     Gourm    .   c - +0 shield
rNeg     . . .     Faith    .   b - +0 scale mail
rPois    .         Spirit   .   (helmet unavailable)
rElec    .         Reflect  .   (no cloak)
rCorr    .         Harm     .   (no gloves)
MR       .....                  (no boots)
Stlth    ..........             (no amulet)
HPRegen  0.17/turn              (no ring)
MPRegen  0.10/turn              (no ring)

@: glowing
A: permanent stasis, dig shafts and tunnels, four strong arms, antennae 3
a: Dig, Shaft Self, Renounce Religion


You were on level 4 of the Dungeon.
You worshipped the Shining One.
The Shining One was aware of your devotion.
You were not hungry.

You visited 1 branch of the dungeon, and saw 4 of its levels.

You collected 136 gold pieces.

Inventory:

Hand Weapons
 a - a +0 long sword (weapon)
 e - a cursed -1 hand axe
 y - a +0 blowgun
Missiles
 r - 39 poisoned needles
 t - 25 bolts
Armour
 b - a +0 scale mail (worn)
 c - a +0 shield (worn)
Jewellery
 i - an uncursed ring of fire
Scrolls
 h - 2 scrolls of fog {unknown}
 k - 3 scrolls of remove curse {unknown}
 n - 3 scrolls of teleportation {unknown}
 p - 2 scrolls of enchant weapon {unknown}
 v - a scroll of blinking {unknown}
Potions
 d - a potion of might
 g - 2 potions of mutation
 j - a potion of lignification
 l - 3 potions of curing
 m - a potion of haste {unknown}
 q - 3 potions of brilliance
 s - a potion of heal wounds
 u - a potion of agility
 w - a potion of magic
 x - a potion of ambrosia {unknown}
 z - a potion of flight {unknown}
Comestibles
 f - 13 rations
 o - 9 chunks of flesh


   Skills:
 - Level 3.2 Fighting
 + Level 7.0 Long Blades
 - Level 3.2 Armour
 - Level 3.6 Shields


You had 6 spell levels left.
You didn't know any spells.
Your spell library contained the following spells:

 Spells                   Type           Power        Failure   Level  Hunger
 Animate Skeleton         Necr           N/A          98%         1    ##.....
 Apportation              Tloc           #.....       98%         1    ##.....
 Beastly Appendage        Tmut           #.....       98%         1    ##.....
 Confusing Touch          Hex            #.....       98%         1    ##.....
 Summon Small Mammal      Summ           #...         98%         1    ##.....
 Sticks to Snakes         Tmut           #.......     99%         2    ###....
 Spider Form              Tmut/Pois      #.........   100%        3    ####...
 Ice Form                 Ice/Tmut       #.......     100%        4    #####..
 Blade Hands              Tmut           #.........   100%        5    ######.


Dungeon Overview and Level Annotations

Branches:
Dungeon (4/15)
 Temple: D:4-7

Altars:
Cheibriados
Dithmenos
Makhleb
Uskayaw
The Shining One


Innate Abilities, Weirdness & Mutations

You cannot be hasted, slowed, berserked, paralysed or teleported.
You can dig through walls and to a lower floor.
Your four strong arms can wield two-handed weapons with a shield.
You have a pair of large antennae on your head. (SInv)


Message History

The orc wizard is moderately wounded.
You block the orc's attack.
The orc wizard hits you but does no damage.
You slash the orc wizard!
You kill the orc wizard!
Your Long Blades skill increases to level 7!
You have reached level 7!
The orc hits you with a +0 flail.
You barely miss the orc. You block the orc's attack.
The orc zaps a wand.
The bolt of acid hits you!
You are splashed with acid!
* * * LOW HITPOINT WARNING * * *
You hit the orc.
The orc is heavily wounded.
You block the orc's attack. The orc misses you.
Unknown command.
The orc zaps a wand.
The bolt of acid hits the orc!
The orc is splashed with acid.
The acid corrodes the orc!
The orc dies!
The bolt of acid hits you!
You die...

###.###..#####.# ##
##....##.....## #..
#....###.....####...
##.....##...........
#......##........####.
###.......#.............
#.......#...............
.###...###...##..######
## #...# #.#####@# . #
#.......# ###)#####... #
#......## #...o.......
##.........
#..#...#.....
.....#..##...###..## ...
..####.# ##. #..# . .##
# #.)# #... ....# ....
......#


You could see an orc.

Vanquished Creatures
  A howler monkey (D:4)
  A centaur skeleton (D:4)
  2 hounds
  An orc wizard (D:4)
  3 worker ants
  5 adders
  3 worms (D:2)
  2 dart slugs (D:2)
  5 leopard geckos
  2 orcs
  10 giant cockroaches
  15 hobgoblins
  9 jackals
  2 quokkas
  A ball python (D:3)
  8 bats
  4 frilled lizards
  10 goblins
  2 kobolds (D:3)
  13 rats
99 creatures vanquished.

Vanquished Creatures (others)
  An orc (D:4)
1 creature vanquished.

Grand Total: 100 creatures vanquished

Notes
Turn   | Place    | Note
-------+----------+-------------------------------------------
     0 | D:1      | deorigin the Formicid Fighter began the quest for the Orb.
     0 | D:1      | Reached XP level 1. HP: 18/18 MP: 1/1
    84 | D:1      | Reached XP level 2. HP: 24/24 MP: 2/2
   144 | D:1      | Reached skill level 3 in Long Blades
   226 | D:1      | Reached XP level 3. HP: 29/29 MP: 3/3
   300 | D:1      | Found a snail-covered altar of Cheibriados.
   728 | D:2      | Found a burning altar of Makhleb.
   738 | D:2      | Found a shadowy altar of Dithmenos.
   754 | D:2      | Found a glowing golden altar of the Shining One.
   762 | D:2      | Became a worshipper of the Shining One
   975 | D:2      | Reached skill level 4 in Long Blades
   975 | D:2      | Reached XP level 4. HP: 34/35 MP: 4/4
  1236 | D:2      | Reached XP level 5. HP: 41/41 MP: 5/5
  1512 | D:2      | Reached skill level 5 in Long Blades
  1595 | D:2      | Found a hide-covered altar of Uskayaw.
  2613 | D:4      | Reached XP level 6. HP: 47/47 MP: 6/6
  2614 | D:4      | Reached * piety under the Shining One
  2632 | D:4      | Reached skill level 6 in Long Blades
  2905 | D:4      | Reached skill level 7 in Long Blades
  2905 | D:4      | Reached XP level 7. HP: 37/52 MP: 7/7
  2908 | D:4      | Killed from afar by an orc

Skill      XL: |  1  2  3  4  5  6 |
---------------+-------------------+-----
Long Blades    | 3 4 5 7 |  7.0
Fighting       | |  3.2
Armour         | |  3.2
Shields        | |  3.6

Action                   |  1- 3 |  4- 6 |  7- 9 || total
-------------------------+-------+-------+-------++-------
Melee: Long sword        |   105 |   193 |     2 ||   300
  Use: Scroll            |       |     7 |       ||     7
  Eat: Chunk             |       |     7 |       ||     7
Armor: Scale mail        |    50 |    58 |       ||   108
Dodge: Dodged            |    32 |    63 |     1 ||    96
Block: Shield            |    47 |   113 |     2 ||   162
       Rpst.: Long sword |    16 |    22 |       ||    38
